[Event "ICC tourney 2850 (40 10)"]
[Site "Internet Chess Club"]
[Date "2022.03.12"]
[Round "4"]
[White "GANAPATIRAJU, SREE CHETAN VARMA:chetan2012"]
[Black "AKULA, MAHIT:Judtyr123"]
[Result "0-1"]
[ICCResult "White checkmated"]
[WhiteElo "1395"]
[BlackElo "1260"]
[Opening "Caro-Kann: exchange variation"]
[ECO "B13"]
[NIC "CK.02"]
[Time "17:45:25"]
[PlyCount "72"]
[TimeControl "2400+10"]

1. e4 c6 2. d4 d5 3. exd5 cxd5 4. Nc3 Nf6 5. Bf4 Bf5 6. Bd3 Bxd3 7. Qxd3 Nc6
8. Nf3 e6 9. a3 Bd6 10. Bxd6 Qxd6 11. O-O O-O 12. Rfe1 Rac8 13. Rac1 Na5 14.
Ne5 Nc4 15. Nxc4 dxc4 16. Qd2 Rfd8 17. Rcd1 Ng4 18. g3 Qb6 19. Na4 Qb5 20.
Qb4 Qf5 21. Qd2 Rc6 22. Qe2 Rcd6 23. h3 Nf6 24. g4 Qg5 25. Qxc4 b5 26. Qc5
Qh4 27. Qxb5 Qxh3 28. Re3 Qxg4+ 29. Rg3 Qxd1+ 30. Kg2 Ne4 31. Rf3 Rd5 32.
Qb7 Rg5+ 33. Rg3 Nxg3 34. fxg3 Qe2+ 35. Kh1 Qf1+ 36. Kh2 Rh5# {White
checkmated} 0-1

[Event "ICC tourney 2850 (40 10)"]
[Site "Internet Chess Club"]
[Date "2022.03.12"]
[Round "4"]
[White "Agahian, Ryan:AgahianR"]
[Black "SISTA, SAI VIJAY HIMAGHNA:Chessboy5"]
[Result "1/2-1/2"]
[ICCResult "Game drawn because neither player has mating material"]
[WhiteElo "1140"]
[BlackElo "1394"]
[Opening "Grünfeld: modern exchange variation"]
[ECO "D90"]
[NIC "GI.07"]
[Time "17:45:26"]
[PlyCount "251"]
[TimeControl "2400+10"]

1. d4 Nf6 2. c4 g6 3. Nc3 d5 4. Nf3 Bg7 5. cxd5 Nxd5 6. e4 Nxc3 7. bxc3 c5
8. Be3 Nc6 9. Bb5 Bd7 10. Qd2 Qa5 11. Bd3 cxd4 12. cxd4 Nb4 13. O-O Qa3 14.
Rab1 Nxd3 15. Rb3 Qa6 16. Qxd3 Qxd3 17. Rxd3 Bb5 18. Rb3 Bxf1 19. Kxf1 b6
20. Ke2 Kd7 21. Ng5 f6 22. Nh3 Rac8 23. Kd3 Rhe8 24. Ra3 Rc7 25. Ng1 e5 26.
d5 f5 27. f3 Bf8 28. Ra4 f4 29. Bd2 Rec8 30. Ne2 Bc5 31. g3 g5 32. gxf4 gxf4
33. h3 Rg8 34. Bc3 Kd6 35. Nc1 Rg3 36. Ke2 Rxh3 37. Nd3 Rh2+ 38. Kd1 Re7 39.
Nxc5 Rg7 40. Nd3 Rg1+ 41. Be1 h5 42. Rxa7 h4 43. Rb7 Rxa2 44. Rxb6+ Kc7 45.
Rc6+ Kd8 46. d6 Ra1+ 47. Nc1 h3 48. Rc2 Rg2 49. Rxg2 hxg2 50. Bf2 Kd7 51.
Kd2 Kxd6 52. Bg1 Ra8 53. Nb3 Ra3 54. Kc2 Ra2+ 55. Kd1 Rb2 56. Nd2 Ke6 57.
Kc1 Ra2 58. Nb3 Re2 59. Kd1 Re3 60. Nd2 Kf6 61. Bf2 Kg5 62. Bg1 Kh4 63. Bf2+
Kh3 64. Bg1 Kg3 65. Kc2 Re1 66. Bc5 g1=Q 67. Bxg1 Rxg1 68. Kd3 Kf2 69. Nc4
Rd1+ 70. Kc2 Rd4 71. Nxe5 Ke3 72. Kc3 Ra4 73. Kb3 Ra8 74. Kc4 Rd8 75. Kc5
Kd2 76. Nc4+ Ke2 77. Ne5 Ke3 78. Kc4 Rc8+ 79. Kd5 Rd8+ 80. Kc4 Rd4+ 81. Kc5
Ra4 82. Kb5 Rd4 83. Kc5 Rd1 84. Kc4 Kf2 85. Kc5 Kg3 86. Kc4 Kh4 87. Nd3 Kg3
88. Ne5 Rd8 89. Kc5 Re8 90. Kd5 Rxe5+ 91. Kxe5 Kxf3 92. Kd4 Kg2 93. e5 f3
94. e6 f2 95. e7 f1=Q 96. e8=Q Qd1+ 97. Kc5 Qc2+ 98. Kd6 Qd3+ 99. Kc7 Qg3+
100. Kd8 Qd6+ 101. Qd7 Qb6+ 102. Qc7 Qd4+ 103. Qd7 Qh8+ 104. Qe8 Qh4+ 105.
Qe7 Qd4+ 106. Qd7 Qb6+ 107. Qc7 Qf6+ 108. Qe7 Qh8+ 109. Qe8 Qh4+ 110. Qe7
Qd4+ 111. Qd7 Qb6+ 112. Qc7 Qf6+ 113. Qe7 Qd4+ 114. Qd7 Qb6+ 115. Qc7 Qf6+
116. Qe7 Qd4+ 117. Qd7 Qb6+ 118. Qc7 Qf6+ 119. Qe7 Qd4+ 120. Qd7 Qh4+ 121.
Qe7 Qh8+ 122. Qe8 Qd4+ 123. Qd7 Qh8+ 124. Qe8 Qd4+ 125. Qd7 Qxd7+ 126. Kxd7
{Game drawn because neither player has mating material}
1/2-1/2

[Event "ICC tourney 2850 (40 10)"]
[Site "Internet Chess Club"]
[Date "2022.03.12"]
[Round "4"]
[White "SULTAN, BASHIR Cisse:muzikmixer"]
[Black "SCHWARTZ, DOUGLAS S:Douglas1"]
[Result "0-1"]
[ICCResult "White resigns"]
[WhiteElo "1414"]
[BlackElo "1318"]
[Opening "English: four knights, 4.e3"]
[ECO "A28"]
[NIC "EO.06"]
[Time "17:45:43"]
[PlyCount "120"]
[TimeControl "2400+10"]

1. c4 e5 2. Nc3 Nf6 3. Nf3 Nc6 4. e3 d5 5. cxd5 Nxd5 6. Bb5 Nxc3 7. bxc3 Bd7
8. d4 exd4 9. cxd4 Bb4+ 10. Bd2 Bxd2+ 11. Qxd2 a6 12. Bd3 O-O 13. O-O Bg4
14. Rab1 Bxf3 15. gxf3 Qg5+ 16. Kh1 Rab8 17. f4 Qd5+ 18. f3 Qd6 19. d5 Ne7
20. Be4 c6 21. Qd4 cxd5 22. Rg1 Qh6 23. Bxd5 Rfd8 24. e4 g6 25. Qe5 Nxd5 26.
exd5 Qh3 27. Rg3 Qd7 28. Rd1 Qd6 29. Qg5 Rd7 30. h4 Qe7 31. Qxe7 Rxe7 32. f5
Rd8 33. h5 Kg7 34. fxg6 hxg6 35. hxg6 fxg6 36. Rdg1 Rd6 37. f4 Rf7 38. Rg4
Rf5 39. Rg5 Rxf4 40. Rd1 Rf5 41. Rxf5 gxf5 42. Rc1 Rd7 43. a4 Kf6 44. Kg2
Ke5 45. Kf3 Kxd5 46. Kf4 Ke6 47. Rb1 Rd4+ 48. Kf3 Rxa4 49. Rxb7 f4 50. Rb8
Kd5 51. Rd8+ Kc5 52. Rc8+ Kb5 53. Rb8+ Ka5 54. Rf8 Rc4 55. Rxf4 Rxf4+ 56.
Kxf4 Kb4 57. Ke3 Kb3 58. Kd2 Kb2 59. Kd3 a5 60. Kc4 a4 {White resigns} 0-1

[Event "ICC tourney 2850 (40 10)"]
[Site "Internet Chess Club"]
[Date "2022.03.12"]
[Round "4"]
[White "ARMBRUSTER, THOMAS E:TE47Armbruster"]
[Black "PARAKANDY, SOORAJ:Soorajp86"]
[Result "1-0"]
[ICCResult "Black forfeits on time"]
[WhiteElo "1092"]
[BlackElo "1119"]
[Opening "QGD: Neo-orthodox variation, 7.Bh4"]
[ECO "D56"]
[NIC "QO.13"]
[Time "17:46:12"]
[PlyCount "95"]
[TimeControl "2400+10"]

1. d4 d5 2. c4 e6 3. Nc3 Nf6 4. Bg5 Be7 5. Nf3 h6 6. Bh4 O-O 7. e3 Nbd7 8.
cxd5 exd5 9. Bd3 c5 10. Rc1 b6 11. O-O Bb7 12. Re1 Ne4 13. Bxe7 Qxe7 14. Bb5
Rac8 15. Bxd7 Qxd7 16. dxc5 Rxc5 17. Nxe4 Rxc1 18. Nf6+ gxf6 19. Qxc1 Rc8
20. Qd1 Qg4 21. h3 Qg6 22. Nd4 a6 23. Qd2 Rd8 24. Rc1 Bc8 25. Qc2 Qg5 26.
Kh2 Qe5+ 27. g3 Qh5 28. Nc6 Qxh3+ 29. Kg1 Bg4 30. f4 Qxg3+ 31. Qg2 Qxe3+ 32.
Kh2 Qxf4+ 33. Qg3 Qd2+ 34. Qg2 Qxg2+ 35. Kxg2 Re8 36. Nb4 Re2+ 37. Kg3 f5
38. Nxd5 Kg7 39. Nxb6 Rxb2 40. Nd7 Rxa2 41. Ne5 Ra3+ 42. Kf4 Ra4+ 43. Kg3 h5
44. Rc7 Kf6 45. Nd7+ Kg5 46. Ne5 h4+ 47. Kg2 Ra2+ 48. Kh1
{Black forfeits on time}
1-0

[Event "ICC tourney 2850 (40 10)"]
[Site "Internet Chess Club"]
[Date "2022.03.12"]
[Round "5"]
[White "KINKUS, SAM E:Grandslam34"]
[Black "Chen, Angelique Lee:oklahoo"]
[Result "0-1"]
[ICCResult "White resigns"]
[WhiteElo "777"]
[BlackElo "884"]
[Opening "KP: Patzer opening"]
[ECO "C20"]
[NIC "KP.10"]
[Time "20:02:58"]
[PlyCount "58"]
[TimeControl "2400+10"]

1. e4 e5 2. Qh5 Nc6 3. Bc4 g6 4. Qf3 Nf6 5. Ne2 Be7 6. Nbc3 d6 7. h3 O-O 8.
d3 Na5 9. Bb3 Nxb3 10. axb3 c6 11. Bh6 Re8 12. d4 exd4 13. Nxd4 Bf8 14. Bxf8
Kxf8 15. O-O Kg8 16. Rad1 d5 17. exd5 Nxd5 18. Nxd5 Qxd5 19. Qxd5 cxd5 20.
Rfe1 Bd7 21. Kf1 f6 22. Rxe8+ Rxe8 23. Re1 Re4 24. Rxe4 dxe4 25. f3 exf3 26.
gxf3 Bxh3+ 27. Kf2 a6 28. f4 Bd7 29. Kg3 Kf7 {White resigns} 0-1

[Event "ICC tourney 2850 (40 10)"]
[Site "Internet Chess Club"]
[Date "2022.03.12"]
[Round "5"]
[White "WEISS, MATTHEW DAVID:portnoy311"]
[Black "ADUSUMALLI, ANIRUDH SAI:Anichess2009"]
[Result "1-0"]
[ICCResult "Black resigns"]
[WhiteElo "1189"]
[BlackElo "1027"]
[Opening "Pirc defense"]
[ECO "B07"]
[NIC "PU.07"]
[Time "20:02:54"]
[PlyCount "41"]
[TimeControl "2400+10"]

1. e4 d6 2. d4 Nf6 3. Nc3 g6 4. Be3 Bg7 5. f3 O-O 6. Qd2 Nc6 7. Nge2 e5 8.
d5 Ne7 9. Bh6 Nh5 10. g4 Nf6 11. Bxg7 Kxg7 12. h4 Nxg4 13. fxg4 Bxg4 14.
O-O-O f5 15. Bh3 Bxh3 16. Rxh3 fxe4 17. Nxe4 Qd7 18. Ng5 h6 19. Ne6+ Kg8 20.
Qxh6 Rf7 21. Rg1 {Black resigns} 1-0

[Event "ICC tourney 2850 (40 10)"]
[Site "Internet Chess Club"]
[Date "2022.03.12"]
[Round "5"]
[White "JIANG, MATHEW:mathewjiang"]
[Black "ZHOU, ALEXANDER ZHENG:Lailaiking"]
[Result "1-0"]
[ICCResult "Black checkmated"]
[WhiteElo "1400"]
[BlackElo "1029"]
[Opening "QGD Slav: 4.e3 Bf5"]
[ECO "D12"]
[NIC "QP.08"]
[Time "20:03:36"]
[PlyCount "55"]
[TimeControl "2400+10"]

1. d4 d5 2. Nf3 Nf6 3. c4 c6 4. e3 Bf5 5. Be2 e6 6. O-O Nbd7 7. Nbd2 Be7 8.
b3 O-O 9. Bb2 Ne4 10. Ne5 Nxe5 11. dxe5 Nxd2 12. Qxd2 Qb6 13. Bd3 Bxd3 14.
Qxd3 Rfd8 15. Rfd1 Rd7 16. Bd4 Qc7 17. c5 b6 18. b4 f6 19. f4 Rf8 20. Rf1
Bd8 21. Rac1 b5 22. Rf3 Rdf7 23. Rg3 Qb8 24. Rh3 g6 25. Rf1 fxe5 26. Bxe5
Bc7 27. Qxg6+ hxg6 28. Rh8# {Black checkmated} 1-0

[Event "ICC tourney 2850 (40 10)"]
[Site "Internet Chess Club"]
[Date "2022.03.12"]
[Round "5"]
[White "BAI, JEFFREY:Jeffchess"]
[Black "SULTAN, BASHIR Cisse:muzikmixer"]
[Result "0-1"]
[ICCResult "White checkmated"]
[WhiteElo "1276"]
[BlackElo "1414"]
[Opening "Robatsch defense: two knights variation"]
[ECO "B06"]
[NIC "KF.05"]
[Time "20:02:54"]
[PlyCount "120"]
[TimeControl "2400+10"]

1. e4 g6 2. d4 Bg7 3. Nf3 d6 4. Nc3 Bg4 5. Be3 Nc6 6. Bb5 a6 7. Bxc6+ bxc6
8. h3 Bd7 9. Qd2 Qb8 10. b3 a5 11. Rd1 Qb4 12. Ne2 Qxd2+ 13. Kxd2 Nf6 14. e5
Nd5 15. a4 f6 16. exf6 exf6 17. Nc3 Nxc3 18. Kxc3 c5 19. Rhe1 Kf7 20. dxc5
Be6 21. cxd6 cxd6 22. Bd4 Rhc8+ 23. Kd2 Bf5 24. c4 Rab8 25. Kc3 d5 26. Nd2
dxc4 27. Nxc4 Bf8 28. Rc1 Bb4+ 29. Kb2 Rxc4 30. Rxc4 Bxe1 31. Rc7+ Ke6 32.
Rxh7 Rc8 33. g4 Bd3 34. b4 axb4 35. Kb3 Bc2+ 36. Kb2 Bxa4 37. Ra7 Bc6 38. f4
Ra8 39. Rg7 Bd5 40. Rxg6 Ra2+ 41. Kc1 Be4 42. f5+ Kd5 43. Bb2 Kc4 44. Rxf6
Rxb2 45. Kxb2 Bc3+ 46. Kc1 Bxf6 47. Kd2 b3 48. h4 b2 49. g5 b1=Q 50. gxf6
Qc2+ 51. Ke3 Qd3+ 52. Kf4 Qf3+ 53. Ke5 Qxf5+ 54. Kd6 Qxf6+ 55. Kd7 Qxh4 56.
Ke6 Qh6+ 57. Kf7 Bd5+ 58. Ke7 Qg7+ 59. Ke8 Bc6+ 60. Kd8 Qd7# {White
checkmated} 0-1

[Event "ICC tourney 2850 (40 10)"]
[Site "Internet Chess Club"]
[Date "2022.03.12"]
[Round "5"]
[White "AKULA, MAHIT:Judtyr123"]
[Black "MOHAN, SHANKARA:BellaVista"]
[Result "1/2-1/2"]
[ICCResult "Game drawn by repetition"]
[WhiteElo "1260"]
[BlackElo "1269"]
[Opening "Giuoco Piano"]
[ECO "C54"]
[NIC "IG.02"]
[Time "20:03:00"]
[PlyCount "88"]
[TimeControl "2400+10"]

1. e4 e5 2. Nf3 Nc6 3. Bc4 Bc5 4. c3 Nf6 5. d4 exd4 6. cxd4 Bb4+ 7. Nc3 Nxe4
8. O-O Bxc3 9. bxc3 d5 10. Bd3 O-O 11. Qc2 Nf6 12. Bg5 h6 13. Bh4 Bg4 14.
Ne5 Nxe5 15. dxe5 g5 16. exf6 gxh4 17. c4 Qxf6 18. cxd5 Kh8 19. f3 Bh5 20.
Be4 Qd4+ 21. Qf2 Qxf2+ 22. Rxf2 f5 23. Bc2 Rad8 24. Bb3 Bf7 25. Rd1 Rd6 26.
Re2 Rfd8 27. Rc1 R8d7 28. Ba4 c6 29. dxc6 Rc7 30. Rec2 bxc6 31. Bxc6 Bxa2
32. Rxa2 Rdxc6 33. Rxc6 Rxc6 34. Rxa7 Rc1+ 35. Kf2 Rc2+ 36. Kf1 Rc1+ 37. Kf2
Rc2+ 38. Kg1 Rc1+ 39. Kf2 Rc2+ 40. Kf1 Rc1+ 41. Kf2 Rc2+ 42. Kg1 Rc1+ 43.
Kf2 Rc2+ 44. Kg1 Rc1+ {Game drawn by repetition} 1/2-1/2

[Event "ICC tourney 2850 (40 10)"]
[Site "Internet Chess Club"]
[Date "2022.03.12"]
[Round "5"]
[White "SUNDARAM, SREE:SreeVSundaram"]
[Black "Bharathy Mohan, Aarav Sai:aaravbm"]
[Result "1/2-1/2"]
[ICCResult "Game drawn by repetition"]
[WhiteElo "1184"]
[BlackElo "1004"]
[Opening "QGD Slav defense: exchange variation"]
[ECO "D10"]
[NIC "SL.01"]
[Time "20:03:01"]
[PlyCount "97"]
[TimeControl "2400+10"]

1. d4 d5 2. c4 c6 3. cxd5 cxd5 4. Bf4 Nc6 5. Nc3 a6 6. e3 Nf6 7. Bd3 Nb4 8.
Bb1 Bd7 9. a3 Nc6 10. Nf3 e6 11. O-O Be7 12. Re1 O-O 13. e4 dxe4 14. Nxe4
Nxe4 15. Bxe4 h6 16. Rc1 Rc8 17. b4 Qe8 18. d5 exd5 19. Bxd5 Qd8 20. Qb3 Bf6
21. Bd6 Be7 22. Bxe7 Nxe7 23. Bxf7+ Rxf7 24. Ne5 Qe8 25. Nxf7 Qxf7 26. Qxf7+
Kxf7 27. Rxc8 Nxc8 28. Rc1 Nd6 29. Kf1 Bc6 30. f3 Ke7 31. Kf2 Kd7 32. Kg3
Ne8 33. Kf4 Ke6 34. g4 Kf7 35. h4 Kf6 36. g5+ hxg5+ 37. hxg5+ Kf7 38. Rc3
Ke7 39. Kf5 Kf7 40. g6+ Ke7 41. f4 Nd6+ 42. Ke5 Ne8 43. Kf5 Nd6+ 44. Ke5 Ne8
45. Kf5 Nd6+ 46. Ke5 Ne8 47. Kf5 Nd6+ 48. Ke5 Ne8 49. Kf5
{Game drawn by repetition}
1/2-1/2

[Event "ICC tourney 2850 (40 10)"]
[Site "Internet Chess Club"]
[Date "2022.03.12"]
[Round "5"]
[White "SAWYER, TIMOTHY A:tasawyer81"]
[Black "Maradana, Harsha:K05-30024511"]
[Result "1-0"]
[ICCResult "Black checkmated"]
[WhiteElo "938"]
[BlackElo "386"]
[Opening "QGD Slav defense"]
[ECO "D10"]
[NIC "SL.01"]
[Time "20:02:54"]
[PlyCount "81"]
[TimeControl "2400+10"]

1. d4 d5 2. c4 c6 3. a4 Nf6 4. Nc3 Bf5 5. Nf3 Nbd7 6. Qb3 Qc7 7. g3 e6 8.
Bf4 e5 9. dxe5 Ng4 10. e6 Nde5 11. Nxe5 Nxe5 12. e4 Bxe6 13. cxd5 cxd5 14.
Bb5+ Bd7 15. Bxd7+ Kxd7 16. O-O Bd6 17. Nxd5 Qc5 18. Rac1 Qa5 19. Qxb7+ Ke6
20. Nc7+ Bxc7 21. Rxc7 Rhe8 22. Bxe5 Kxe5 23. Rxf7 Rab8 24. Qxb8+ Rxb8 25.
Rf5+ Kd6 26. Rxa5 Rxb2 27. Rxa7 Ke5 28. Rxg7 Ra2 29. Rxh7 Rxa4 30. f3 Kf6
31. Re1 Ra3 32. e5+ Ke6 33. Rh6+ Kf7 34. f4 Ra7 35. e6+ Ke7 36. Rh7+ Kf6 37.
Rxa7 Kf5 38. e7 Kf6 39. e8=Q Kf5 40. Re5+ Kg4 41. Qh5# {Black checkmated}
1-0

[Event "ICC tourney 2850 (40 10)"]
[Site "Internet Chess Club"]
[Date "2022.03.12"]
[Round "5"]
[White "GANAPATIRAJU, SREE CHETAN VARMA:chetan2012"]
[Black "ZHAO, DANSON:K01-30127679"]
[Result "1-0"]
[ICCResult "Black checkmated"]
[WhiteElo "1395"]
[BlackElo "1234"]
[Opening "Giuoco Pianissimo: Italian four knights variation"]
[ECO "C50"]
[NIC "IG.02"]
[Time "20:03:36"]
[PlyCount "111"]
[TimeControl "2400+10"]

1. e4 e5 2. Nf3 Nc6 3. Bc4 Bc5 4. Nc3 Nf6 5. d3 h6 6. O-O d6 7. h3 O-O 8.
Be3 Bb6 9. Qd2 Na5 10. Bb3 Nxb3 11. axb3 Be6 12. Rfe1 Re8 13. Ne2 Qd7 14.
Ng3 Rad8 15. Nh4 d5 16. exd5 Nxd5 17. Bxb6 axb6 18. Rxe5 Qd6 19. Rae1 f6 20.
R5e4 Qd7 21. c4 f5 22. Re5 Nf6 23. d4 f4 24. Qxf4 Bf7 25. Rxe8+ Bxe8 26. d5
Bf7 27. Nhf5 Re8 28. Rxe8+ Bxe8 29. Nxh6+ gxh6 30. Qxf6 Qg7 31. Qxg7+ Kxg7
32. Kf1 Bg6 33. Ne2 Bc2 34. Nd4 Bd3+ 35. Ke1 Be4 36. f3 Bg6 37. Ne6+ Kf6 38.
Nxc7 Bc2 39. Kd2 Bxb3 40. Kc3 Bd1 41. b4 Be2 42. c5 bxc5 43. bxc5 Bf1 44. d6
Bxg2 45. Nd5+ Kf7 46. d7 Bxf3 47. d8=Q Bxd5 48. Qxd5+ Kf6 49. Qxb7 Kg6 50.
c6 Kg5 51. c7 Kh4 52. c8=Q Kg3 53. Qg7+ Kf3 54. Qcf8+ Ke2 55. Qe5+ Kd1 56.
Qf1# {Black checkmated} 1-0

[Event "ICC tourney 2850 (40 10)"]
[Site "Internet Chess Club"]
[Date "2022.03.12"]
[Round "5"]
[White "SISTA, SAI VIJAY HIMAGHNA:Chessboy5"]
[Black "LAIDO, MATTHEW:Dabao"]
[Result "1-0"]
[ICCResult "Black checkmated"]
[WhiteElo "1394"]
[BlackElo "1137"]
[Opening "Queen's pawn, Mason variation"]
[ECO "D00"]
[NIC "QP.08"]
[Time "20:03:03"]
[PlyCount "73"]
[TimeControl "2400+10"]

1. d4 d5 2. Bf4 Bf5 3. e3 e6 4. Bd3 Bg6 5. c3 Nf6 6. Nf3 c5 7. Qe2 Nc6 8.
Nbd2 Be7 9. Ne5 Nxe5 10. Bxe5 Bxd3 11. Qxd3 c4 12. Qc2 O-O 13. Nf3 a6 14.
Ng5 h6 15. Bxf6 hxg5 16. Be5 f6 17. Bg3 b5 18. h4 gxh4 19. Bxh4 Kf7 20. g4
Rh8 21. O-O-O Qc7 22. Bg3 Bd6 23. Bxd6 Qxd6 24. Rh7 Rae8 25. Rdh1 Qb8 26.
R1h6 Rxh7 27. Qg6+ Ke7 28. Rxh7 Kd6 29. Qxg7 Qd8 30. Qa7 Qc8 31. Rb7 Re7 32.
Rb6+ Qc6 33. Rxc6+ Kxc6 34. Qxe7 Kb6 35. Qxe6+ Ka5 36. Qxf6 Ka4 37. Qxa6#
{Black checkmated}
1-0

[Event "ICC tourney 2850 (40 10)"]
[Site "Internet Chess Club"]
[Date "2022.03.12"]
[Round "5"]
[White "KING, JAMES F:jfkingiii"]
[Black "ARMBRUSTER, THOMAS E:TE47Armbruster"]
[Result "1/2-1/2"]
[ICCResult "Game drawn by mutual agreement"]
[WhiteElo "1392"]
[BlackElo "1092"]
[Opening "Vienna gambit"]
[ECO "C29"]
[NIC "VG.03"]
[Time "20:02:52"]
[PlyCount "84"]
[TimeControl "2400+10"]

1. e4 e5 2. Nc3 Nf6 3. f4 d5 4. fxe5 Nxe4 5. Nf3 Nxc3 6. bxc3 Be6 7. d4 c5
8. Bb5+ Bd7 9. Bxd7+ Nxd7 10. O-O cxd4 11. cxd4 Be7 12. Qd3 f6 13. exf6 Nxf6
14. Bg5 O-O 15. Rae1 Ne4 16. Bxe7 Qxe7 17. Qb3 Rad8 18. Re2 Qc7 19. Rxe4 b6
20. Rfe1 Kh8 21. Re7 Qb8 22. Qe3 h6 23. Qe5 Qxe5 24. R1xe5 Rc8 25. Rxa7 Rxc2
26. Rxd5 Rc1+ 27. Kf2 Rc2+ 28. Ke1 Rxg2 29. Ne5 Rff2 30. Rd8+ Kh7 31. Rf7
Rxf7 32. Nxf7 Rxh2 33. Rb8 Rxa2 34. Rxb6 Ra7 35. Ne5 Ra4 36. Nf3 h5 37. d5
h4 38. d6 h3 39. Ng5+ Kg6 40. Nxh3 Rd4 41. d7+ Kf7 42. Rb7 Ke7
{Game drawn by mutual agreement}
1/2-1/2

[Event "ICC tourney 2850 (40 10)"]
[Site "Internet Chess Club"]
[Date "2022.03.12"]
[Round "5"]
[White "HAMLETT, JAMES MORRISON:Hamlett144"]
[Black "KODARAPU, NEEV:onix007"]
[Result "1-0"]
[ICCResult "Black checkmated"]
[WhiteElo "1216"]
[BlackElo "1028"]
[Opening "French: exchange variation"]
[ECO "C01"]
[NIC "FR.01"]
[Time "20:03:24"]
[PlyCount "143"]
[TimeControl "2400+10"]

1. e4 e6 2. d4 d5 3. exd5 exd5 4. Bd3 Nf6 5. Ne2 Bd6 6. c3 O-O 7. Bg5 Bg4 8.
f3 Bh5 9. Qc2 Bg6 10. Nd2 Bxd3 11. Qxd3 c6 12. O-O-O Nbd7 13. Ng3 h6 14. Be3
Qc7 15. Nf5 Bf4 16. Rde1 Bxe3 17. Rxe3 Rfe8 18. g3 b6 19. Rhe1 a5 20. Rxe8+
Rxe8 21. Rxe8+ Nxe8 22. f4 Ndf6 23. h3 h5 24. Qe2 g6 25. Nh4 c5 26. dxc5
Qxc5 27. Ndf3 b5 28. Nd2 Qg1+ 29. Nf1 Qc5 30. f5 Kg7 31. fxg6 fxg6 32. Ne3
b4 33. Qd3 Ne4 34. Qd4+ Qxd4 35. cxd4 N4f6 36. Kc2 Nc7 37. Kb3 Nb5 38. Ka4
Nxd4 39. Kxa5 Nc6+ 40. Kb5 Nd4+ 41. Kxb4 Ne2 42. g4 hxg4 43. hxg4 Ne4 44.
Nxd5 Nf2 45. a4 Nxg4 46. a5 Ne5 47. Kc5 Nd7+ 48. Kc6 Nb8+ 49. Kb7 Nd7 50. a6
Nc5+ 51. Kb6 Nxa6 52. Kxa6 g5 53. Nf5+ Kg6 54. Nfe7+ Kh5 55. b4 Nd4 56. Kb6
g4 57. Nf6+ Kh4 58. Nxg4 Kxg4 59. Ka7 Kf4 60. Kb7 Ke5 61. Nc6+ Kd5 62. Nxd4
Kxd4 63. b5 Kc5 64. b6 Kb5 65. Kc7 Ka6 66. b7 Ka5 67. b8=Q Ka4 68. Kc6 Ka3
69. Kc5 Ka2 70. Kc4 Ka1 71. Kc3 Ka2 72. Qb2# {Black checkmated} 1-0

[Event "ICC tourney 2850 (40 10)"]
[Site "Internet Chess Club"]
[Date "2022.03.12"]
[Round "5"]
[White "STONE, GILBERT L:tightfist"]
[Black "SOUTHERLAND, TRIPP:Nachooo"]
[Result "0-1"]
[ICCResult "White resigns"]
[WhiteElo "1317"]
[BlackElo "1212"]
[Opening "King's Indian, 3.Nf3"]
[ECO "E60"]
[NIC "KI.77"]
[Time "20:02:52"]
[PlyCount "98"]
[TimeControl "2400+10"]

1. Nf3 Nf6 2. c4 g6 3. d4 c5 4. e3 Bg7 5. Nc3 O-O 6. Be2 d5 7. dxc5 Qa5 8.
Bd2 Qxc5 9. Qb3 dxc4 10. Bxc4 Nc6 11. O-O Na5 12. Qb5 Qxc4 13. Qxa5 b6 14.
Qa4 Qxa4 15. Nxa4 Bb7 16. Nd4 Rfd8 17. Bc3 Ne4 18. Rac1 Nxc3 19. bxc3 Rac8
20. Rfd1 Bd5 21. a3 Bc4 22. Nb2 Ba6 23. c4 e5 24. Nb5 Rxd1+ 25. Rxd1 Bxb5
26. cxb5 e4 27. Rb1 Bxb2 28. Kf1 Bxa3 29. Ra1 Rc1+ 30. Rxc1 Bxc1 31. Ke2 f5
32. Kd1 Ba3 33. Kc2 Kf7 34. Kb3 Bc5 35. Kc4 Ke6 36. h3 h5 37. h4 Ke5 38. Kc3
f4 39. Kd2 fxe3+ 40. fxe3 Kf5 41. Ke2 Kg4 42. Kf2 Bd6 43. Kg1 Kxh4 44. Kf2
Kg4 45. Ke2 Kg3 46. Kf1 Bc5 47. Ke2 Kxg2 48. Kd2 h4 49. Ke2 h3 {White
resigns} 0-1

[Event "ICC tourney 2850 (40 10)"]
[Site "Internet Chess Club"]
[Date "2022.03.12"]
[Round "5"]
[White "MEI, ZERUI TITUS:Thankfulfortune"]
[Black "Agahian, Ryan:AgahianR"]
[Result "1-0"]
[ICCResult "Black checkmated"]
[WhiteElo "1123"]
[BlackElo "1140"]
[Opening "Sicilian: dragon variation"]
[ECO "B70"]
[NIC "SI.15"]
[Time "20:03:00"]
[PlyCount "183"]
[TimeControl "2400+10"]

1. e4 c5 2. Nf3 d6 3. d4 cxd4 4. Nxd4 Nf6 5. Nc3 g6 6. Bg5 Bg7 7. Bc4 O-O 8.
O-O Nc6 9. Nf3 Bg4 10. h3 Bxf3 11. Qxf3 Rc8 12. Bb5 Ne5 13. Qe3 a6 14. Be2
Re8 15. f4 Nc4 16. Bxc4 Rxc4 17. Rad1 Qc7 18. e5 dxe5 19. fxe5 Nd7 20. e6
Nf6 21. exf7+ Kxf7 22. Bxf6 exf6 23. Qf3 Qc6 24. Qxc6 Rxc6 25. Rd7+ Re7 26.
Rxe7+ Kxe7 27. Re1+ Re6 28. Nd5+ Kf7 29. Rxe6 Kxe6 30. Nf4+ Kd6 31. Kf2 f5
32. b3 Be5 33. Nd3 Bd4+ 34. Kf3 g5 35. g4 f4 36. c4 a5 37. Ke4 Be3 38. Ne1
Ke6 39. Nc2 Bc5 40. Nd4+ Bxd4 41. Kxd4 b6 42. Ke4 Kd6 43. Kd4 Kc6 44. a3 Kd6
45. b4 axb4 46. axb4 Kc6 47. Ke4 Kd6 48. Kd4 f3 49. Ke3 f2 50. Kxf2 Ke5 51.
Ke3 h6 52. c5 b5 53. c6 Kd6 54. c7 Kxc7 55. Ke4 Kd6 56. Kd4 Ke6 57. Kc5 Ke5
58. Kxb5 Kf4 59. Kc6 Kg3 60. b5 Kxh3 61. b6 Kxg4 62. b7 h5 63. b8=Q h4 64.
Qb4+ Kg3 65. Qc3+ Kh2 66. Qe5+ Kh1 67. Qxg5 h3 68. Qf5 Kg2 69. Qg4+ Kh2 70.
Qd1 Kg2 71. Qe2+ Kh1 72. Qf1+ Kh2 73. Kd5 Kg3 74. Qe1+ Kg2 75. Qe2+ Kg1 76.
Qe3+ Kg2 77. Ke4 h2 78. Qf3+ Kg1 79. Ke3 h1=N 80. Ke2 Kh2 81. Kf1 Ng3+ 82.
Kf2 Nh1+ 83. Ke3 Kg1 84. Qh3 Nf2 85. Qg3+ Kh1 86. Qf3+ Kg1 87. Qxf2+ Kh1 88.
Qh4+ Kg2 89. Qf2+ Kh3 90. Qg1 Kh4 91. Kf4 Kh5 92. Qg5# {Black checkmated}
1-0